 Dungeon Crawl Stone Soup version 0.28.0-45-g0d030f2227 (webtiles) character file.

Game seed: 8520797250152360801

9365 pkoi the Conjurer (level 11, -4/85 HPs)
             Began as a Demigod Conjurer on Apr 7, 2022.
             Shot with an arrow by a centaur warrior (16 damage)
             ... on level 9 of the Dungeon.
             The game lasted 00:22:40 (15634 turns).

pkoi the Conjurer (Demigod Conjurer)               Turns: 15634, Time: 00:22:41

Health: -4/85      AC: 10    Str:  8    XL:     11   Next: 2%
Magic:  18/32      EV: 12    Int: 32    God:
Gold:   265        SH:  0    Dex: 12    Spells: 5/21 levels left

rFire   + . .      SeeInvis .   q - +2 whip (venom)
rCold   . . .      Faith    .   (no shield)
rNeg    . . .      Spirit   .   y - +3 leather armour {rF+}
rPois   .          Reflect  .   (no helmet)
rElec   .          Harm     .   v - +0 cloak
rCorr   .          Rampage  .   f - +1 pair of gloves
Will    +....                   A - +0 pair of boots
Stlth   ++........              (no amulet)
HPRegen 0.24/turn               b - ring of flight
MPRegen 0.23/turn               F - ring of magical power

@: flying, very slightly contaminated
A: high MP 1, forlorn, divine attributes
a: no special abilities


You were on level 9 of the Dungeon.
You visited 1 branch of the dungeon, and saw 9 of its levels.

You collected 465 gold pieces.
You spent 200 gold pieces at shops.

Inventory:

Hand Weapons
 c - a +3 vampiric dagger
 d - a +0 whip
 e - a +1 dagger of holy wrath
 k - a +0 dagger of protection
 l - a +1 dagger of venom
 q - a +2 whip of venom (weapon)
Missiles
 j - 31 poisoned darts
 C - a curare-tipped dart
Armour
 a - a +0 robe
 f - a +1 pair of gloves (worn)
 h - a +0 troll leather armour
 s - +0 steam dragon scales
 v - a +0 cloak (worn)
 y - a +3 leather armour of fire resistance (worn)
 A - a +0 pair of boots (worn)
Jewellery
 b - a ring of flight (left hand)
 F - a ring of magical power (right hand)
Wands
 i - a wand of acid (9)
 m - a wand of mindburst (10)
 r - a wand of paralysis (22)
 u - a wand of flame (53)
 w - a wand of iceblast (14)
Scrolls
 g - 3 scrolls of enchant armour
 B - 4 scrolls of enchant weapon
 D - a scroll of blinking
 H - a scroll of teleportation
Potions
 n - a potion of might
 o - 2 potions of brilliance
 p - 3 potions of heal wounds
 t - 7 potions of curing
 x - 2 potions of magic
 z - 2 potions of flight
 E - a potion of haste


   Skills:
 + Level 4.3 Fighting
 + Level 2.2 Armour
 + Level 4.7 Dodging
 - Level 1.7 Stealth
 + Level 5.8 Spellcasting
 + Level 7.3 Conjurations
 + Level 6.6 Hexes
 + Level 7.0 Translocations
 - Level 3.0 Transmutations
 - Level 3.0 Fire Magic
 + Level 2.6 Air Magic
 - Level 3.0 Poison Magic


You had 5 spell levels left.
You knew the following spells:

 Your Spells              Type           Power      Damage    Failure   Level
a - Magic Dart            Conj           100%       1d8       1%          1
b - Searing Ray           Conj           100%       2d8       1%          2
c - Iskenderun's Mystic   Conj/Tloc      53%        2d11      3%          4
d - Fulminant Prism       Conj/Hex       26%        3d14      3%          4
e - Ignite Poison         Fire/Tmut/Pois 28%        N/A       6%          3
f - Poisonous Vapours     Pois/Air       54%        N/A       3%          2

Your spell library contained the following spells:

 Spells                   Type           Power      Damage    Failure   Level
 Dazzling Flash           Conj/Hex       100%       N/A       1%          3
 Gell's Gravitas          Tloc           53%        N/A       1%          3
 Teleport Other           Tloc           53%        N/A       1%          3
 Tukima's Dance           Hex            51%        N/A       1%          3
 Mephitic Cloud           Conj/Pois/Air  37%        N/A       3%          3
 Corpse Rot               Necr/Air       34%        N/A       6%          2
 Anguish                  Hex/Necr       15%        N/A       17%         4
 Freezing Cloud           Conj/Ice/Air   15%        6-21      43%         5
 Dispersal                Tloc           26%        N/A       50%         6
 Enfeeble                 Hex            25%        N/A       98%         7
 Borgnjor's Revivificati  Necr           4%         N/A       100%        8
 Necromutation            Tmut/Necr      9%         N/A       100%        8
 Death's Door             Necr           4%         N/A       100%        9


Dungeon Overview and Level Annotations

Branches:
Dungeon (9/15)             Temple (0/1) D:5            Lair (0/6) D:8
    Orc: D:9-12

Shops:
D:8 ((=(


Innate Abilities, Weirdness & Mutations

You have an increased reservoir of magic. (+10% MP)
You shall have no god before yourself.
Your divine heritage dramatically boosts your attributes as you level up.


Message History

Aim: a centaur warrior, wielding a +0 shortbow and quivering arrows (very poisoned) Poisonous vapours surround the centaur warrior!
The centaur warrior looks as sick as possible!
The centaur warrior shoots an arrow.
The arrow hits you!
The centaur warrior shoots an arrow.
The arrow hits you!
* * * LOW HITPOINT WARNING * * *
Casting: Poisonous Vapours (safe; 3% risk of failure)
Confirm with . or Enter, or press ? or * to list all spells.
You ignite the poison in your surroundings!
The centaur warrior seems to burn from within!!!
The centaur warrior is severely wounded.
The centaur warrior shoots an arrow.
The arrow hits you!
* * * LOW HITPOINT WARNING * * *
Casting: Ignite Poison (dangerous; 6% risk of failure)
Confirm with . or Enter, or press ? or * to list all spells.
Aiming: Poisonous Vapours (safe; 3% risk of failure)
Press: ? - help, Dir - move target, f/p - centaur warrior
Aim: a centaur warrior, wielding a +0 shortbow and quivering arrows (severely wounded)
You miscast Poisonous Vapours.
Nothing appears to happen.
The centaur warrior shoots an arrow.
The arrow hits you.
* * * LOW HITPOINT WARNING * * *
The centaur warrior shoots an arrow.
The arrow hits you!
* * * LOW HITPOINT WARNING * * *
Casting: Poisonous Vapours (safe; 3% risk of failure)
Confirm with . or Enter, or press ? or * to list all spells.
Aiming: Poisonous Vapours (safe; 3% risk of failure)
Press: ? - help, Dir - move target, f/p - centaur warrior
Aim: a centaur warrior, wielding a +0 shortbow and quivering arrows (severely wounded)
Okay, then.
Unknown command.
Casting: Poisonous Vapours (safe; 3% risk of failure)
Confirm with . or Enter, or press ? or * to list all spells.
Aiming: Fulminant Prism (dangerous; 3% risk of failure)
Press: ? - help, Dir - move target, p - centaur warrior You conjure a prism of explosive energy!
A fulminant prism comes into view.
The centaur warrior shoots an arrow.
The arrow hits you!
* * * LOW HITPOINT WARNING * * *
The centaur warrior shoots an arrow.
The arrow hits you!
You die...

#......#.....#..............
#......#.....'.............#
#......#.....#..#####......#
#......#######..# #......#
#...............# #......#
#...............# #....###
#####...........# #....#..
#...........#####....#..
#......@.............#..
#......##########....#..
#...)..# #....#.. #......#
#....##. #......# #.....#.
#.....*# #.....#. #......#
#.....#.
#...c..##########.....#.
#.....................#.


You could see a centaur warrior (ally target) and a friendly fulminant prism.

Vanquished Creatures
  A two-headed ogre (D:8)
  2 centaur warriors
  Pikel (D:8)
  2 ugly things
  A komodo dragon (D:8)
  A troll (D:9)
  A meliai (D:9)
  A hornet (D:9)
  A shadow (D:7)
  A wraith (D:7)
  A wyvern (D:7)
  A steam dragon (D:7)
  8 yaks
  A water moccasin (D:9)
  2 acid dragons
  3 orc warriors
  2 necrophages
  3 ice beasts
  2 black bears
  3 centaurs (D:7)
  A phantom (D:6)
  4 lemures (D:8)
  4 bullfrogs
  4 kobold brigands
  3 scorpions
  A wyvern zombie (D:7)
  10 wights
  4 killer bees (D:9)
  A howler monkey (D:6)
  2 electric eels (D:4)
  A bullfrog zombie (D:6)
  A hound (D:7)
  A centaur zombie (D:8)
  2 orc priests
  A centaur skeleton (D:7)
  Ijyb (D:4)
  Crazy Yiuf (D:4)
  4 iguanas
  5 orc wizards
  A killer bee zombie (D:7)
  2 hound zombies (D:5)
  A howler monkey zombie (D:9)
  4 gnolls (D:4)
  5 adders
  A shadow imp (D:5)
  A white imp (D:7)
  2 ufetubi
  An adder skeleton (D:4)
  2 worms (D:3)
  5 dart slugs
  25 orcs
  5 endoplasms
  2 giant cockroaches
  11 goblins
  6 hobgoblins
  28 kobolds
  5 quokkas
  3 ball pythons
  9 bats
  5 frilled lizards
  6 rats
219 creatures vanquished.

Vanquished Creatures (others)
  20 fulminant prisms
  11 fungi (D:8)
  27 plants
58 creatures vanquished.

Grand Total: 277 creatures vanquished

Notes
Turn   | Place    | Note
-------+----------+-------------------------------------------
     0 | D:1      | pkoi the Demigod Conjurer began the quest for the Orb.
     0 | D:1      | Reached XP level 1. HP: 14/14 MP: 5/5
   608 | D:1      | Reached XP level 2. HP: 20/20 MP: 4/7
   710 | D:1      | Learned a level 2 spell: Searing Ray
  1331 | D:2      | Reached XP level 3. HP: 24/26 MP: 1/9
  2481 | D:3      | Reached skill level 1 in Hexes
  2481 | D:3      | Reached skill level 1 in Translocations
  2527 | D:3      | Reached XP level 4. HP: 33/33 MP: 6/10
  2532 | D:3      | Learned a level 4 spell: Iskenderun's Mystic Blast
  3925 | D:3      | Reached XP level 5. HP: 15/38 MP: 2/12
  4659 | D:4      | Found a transporter.
  4712 | D:4      | Found a transporter.
  4913 | D:4      | Noticed Ijyb
  4915 | D:4      | Killed Ijyb
  4916 | D:4      | Reached skill level 5 in Conjurations
  4916 | D:4      | Reached XP level 6. HP: 45/45 MP: 14/14
  5498 | D:4      | Found a runed translucent door.
  5499 | D:4      | Noticed Crazy Yiuf
  5633 | D:4      | HP: 1/43 [Crazy Yiuf/+4 quarterstaff of chaos (5)]
  5635 | D:4      | Killed Crazy Yiuf
  6072 | D:5      | Entered Level 5 of the Dungeon
  6088 | D:4      | Learned a level 4 spell: Fulminant Prism
  6555 | D:5      | Reached XP level 7. HP: 23/50 MP: 3/16
  6829 | D:5      | Found a staircase to the Ecumenical Temple.
  6997 | D:5      | Learned a level 3 spell: Ignite Poison
  7749 | D:6      | Reached skill level 1 in Transmutations
  7749 | D:6      | Reached skill level 1 in Fire Magic
  7749 | D:6      | Reached skill level 1 in Poison Magic
  8091 | D:6      | Noticed a two-headed ogre
  8197 | D:6      | Reached XP level 8. HP: 53/57 MP: 8/17
  8829 | D:7      | Noticed a red ugly thing
  9450 | D:7      | Reached skill level 5 in Hexes
  9450 | D:7      | Reached skill level 5 in Translocations
  9595 | D:7      | Reached skill level 1 in Fighting
  9836 | D:7      | HP: 1/59 [wraith (7)]
  9915 | D:7      | Reached XP level 9. HP: 18/64 MP: 7/19
 10403 | D:7      | Killed a red ugly thing
 10873 | D:8      | Noticed a centaur warrior
 10891 | D:8      | Noticed a two-headed ogre
 10958 | D:8      | Found Nuethri's Weapon Shoppe.
 10967 | D:8      | Found Zisyes's Weapon Shoppe.
 10973 | D:8      | Found Dusoc's Jewellery Shoppe.
 10974 | D:8      | Found Leugeen's Antique Weapon Shoppe.
 11019 | D:8      | Noticed Pikel
 11026 | D:8      | Killed Pikel
 11589 | D:8      | Noticed a komodo dragon
 11594 | D:8      | Killed a komodo dragon
 11595 | D:8      | Reached skill level 5 in Spellcasting
 11711 | D:8      | Reached XP level 10. HP: 64/77 MP: 4/21
 11944 | D:7      | Learned a level 2 spell: Poisonous Vapours
 11962 | D:8      | Killed a two-headed ogre
 12385 | D:4      | Reached skill level 1 in Air Magic
 12555 | D:8      | Killed a centaur warrior
 13034 | D:8      | Reached skill level 1 in Armour
 13374 | D:8      | Found a staircase to the Lair.
 13898 | D:8      | Bought a ring of magical power for 200 gold pieces
 14399 | D:9      | Noticed a green ugly thing
 14412 | D:9      | Killed a white ugly thing
 15202 | D:9      | Noticed a centaur warrior
 15207 | D:9      | Killed a centaur warrior
 15208 | D:9      | Reached XP level 11. HP: 41/85 MP: 20/23
 15627 | D:9      | Noticed a centaur warrior
 15634 | D:9      | Shot with an arrow by a centaur warrior

Illustrated notes

Levels and vault maps discovered:
D:1:      saegor_arrival_simple_d, layout_rooms, shapermc_ecumenical_altar_venn,
          st_stairs_3
D:2:      layout_loops_ring, serial_glass, glass_columns_a, glass_columns_a
D:3:      minmay_recursive_quarters, layout_loops_corners
D:4:      gammafunk_steamed_eel, layout_loops_ring, uniq_crazy_yiuf_cottage,
          uniq_ijyb
D:5:      layout_cave_pods, minmay_temple_entry_ruins
D:6:      layout_basic
D:7:      layout_basic
D:8:      layout_basic, tso_metal_star, grunt_lair_entry_orc_guard_hut,
          minmay_shop_grid_forest, uniq_pikel
D:9:      layout_irregular_city, minmay_shattered_shrine

Skill      XL: |  1  2  3  4  5  6  7  8  9 10 |
---------------+-------------------------------+-----
Spellcasting   | 2 3 4 5 |  5.8
Conjurations   | 4 5 6 7 |  7.3
Hexes          | 1 2 3 4 5 6 |  6.6
Translocations | 1 2 3 4 5 6 7 |  7.0
Transmutations | 1 2 3 |  3.0
Fire Magic     | 1 2 3 |  3.0
Poison Magic   | 1 2 3 |  3.0
Dodging        | 2 3 4 |  4.7
Fighting       | 1 3 4 |  4.3
Air Magic      | 2 |  2.6
Armour         | 2 |  2.2
Stealth        | |  1.7

Action                   |  1- 3 |  4- 6 |  7- 9 | 10-12 || total
-------------------------+-------+-------+-------+-------++-------
Melee: Dagger            |     8 |    33 |     1 |       ||    42
       Whip              |       |       |    29 |    14 ||    43
 Cast: Magic Dart        |    87 |    94 |    73 |    21 ||   275
       Searing Ray       |     1 |    12 |    27 |     2 ||    42
       Fulminant Prism   |       |       |    12 |     9 ||    21
       Ignite Poison     |       |       |     5 |    18 ||    23
       Iskenderun's Myst |       |       |    12 |    16 ||    28
       Poisonous Vapours |       |       |       |    33 ||    33
Evoke: Wand              |       |     2 |     1 |       ||     3
  Use: Scroll            |     2 |    10 |     1 |     3 ||    16
       Potion            |     2 |     2 |       |       ||     4
 Stab: Sleeping          |       |     1 |       |       ||     1
Armor: Robe              |     1 |     8 |    14 |       ||    23
       Steam dragon scal |       |       |    26 |     1 ||    27
       Leather armour    |       |       |       |    17 ||    17
Dodge: Dodged            |     8 |    43 |    76 |    22 ||   149
